 Dungeon Crawl Stone Soup version 0.28-a0-697-g47f3eba078 (webtiles) character file.

Game seed: 17557912565542434914

2923 SmokeWeed the Covert (level 9, -1/60 HPs)
             Began as an Octopode Brigand on Oct 24, 2021.
             Was a Priest of Okawaru.
             Slain by a hornet (10 damage)
             ... while paralysed by a hornet
             ... on level 8 of the Dungeon.
             The game lasted 00:26:04 (7995 turns).

SmokeWeed the Covert (Octopode Brigand)             Turns: 7995, Time: 00:26:05

Health: -1/60      AC:  8    Str: 10    XL:     9   Next: 79%
Magic:  13/14      EV:  2    Int: 16    God:    Okawaru [***...]
Gold:   289        SH:  0    Dex: 20    Spells: 10/15 levels left

rFire   + . .      SeeInvis .   D - +1 rapier (protect)
rCold   + . .      Faith    .   w - +3 warlock's mirror {reflect}
rNeg    . . .      Spirit   .   (helmet restricted)
rPois   .          Reflect  +   A - amulet of the acrobat
rElec   .          Harm     .   f - ring of protection from fire
rCorr   .          Rampage  .   o - +6 ring of dexterity
Will    +....                   r - ring of willpower
Stlth   +++++++...              y - ring of protection from cold
HPRegen 0.20/turn               (no ring)
MPRegen 0.14/turn               (no ring)
                                (no ring)
                                (no ring)

@: paralysed, lethally poisoned (-1 -> -7), heroic, under a protective aura
A: almost no armour, amphibious, 8 rings, camouflage 1, gelatinous body 1,
(nimble swimmer 1), tentacles
a: Renounce Religion, Heroism


You were on level 8 of the Dungeon.
You worshipped Okawaru.
Okawaru was most pleased with you.
You visited 2 branches of the dungeon, and saw 9 of its levels.

You collected 289 gold pieces.

Inventory:

Hand Weapons
 a - a +2 dagger
 m - a +0 rapier
 n - a +3 falchion of electrocution
 D - a +1 rapier of protection (weapon)
Missiles
 b - 35 poisoned darts
 c - 3 curare-tipped darts
 h - 204 stones
 q - 9 boomerangs (quivered)
Armour
 w - the +3 warlock's mirror (worn) {reflect}
   (You acquired it on level 6 of the Dungeon)

   It can block and reflect piercing ranged attacks and magical attacks against
   the wielder's willpower.
Jewellery
 f - a ring of protection from fire (left tentacle)
 o - a +6 ring of dexterity (right tentacle)
 r - a ring of willpower (on tentacle)
 y - a ring of protection from cold (on tentacle)
 A - an amulet of the acrobat (around mantle)
Scrolls
 d - a scroll of identify
 i - a scroll of amnesia
 k - 2 scrolls of noise
 s - 2 scrolls of fear {unknown}
 v - a scroll of holy word {unknown}
 C - 2 scrolls of enchant armour {unknown}
 E - a scroll of vulnerability {unknown}
Potions
 e - a potion of curing
 j - 2 potions of mutation
 l - 2 potions of haste
 p - a potion of lignification {unknown}
 t - a potion of attraction
 u - 3 potions of might
 z - 2 potions of ambrosia


   Skills:
 + Level 4.9(9.9) Fighting
 + Level 6.4(11.4) Short Blades
 - Level 2.0(7.0) Throwing
 * Level 6.5(11.5) Dodging
 + Level 8.6(13.6) Stealth
 * Level 3.5(8.5) Shields
 + Level 3.7 Spellcasting
 + Level 3.6 Air Magic
 + Level 0.8 Invocations


You had 10 spell levels left.
You knew the following spells:

 Your Spells              Type           Power      Damage    Failure   Level
a - Slow                  Hex            3%         N/A       26%         2
b - Swiftness             Air            14%        N/A       12%         3

Your spell library contained the following spells:

 Spells                   Type           Power      Damage    Failure   Level
 Apportation              Tloc           4%         N/A       17%         1
 Pain                     Necr           8%         1d4       17%         1
 Passwall                 Tmut/Erth      1%         N/A       26%         2
 Confusing Touch          Hex            3%         N/A       45%         3
 Ozocubu's Armour         Ice            2%         N/A       45%         3
 Vampiric Draining        Necr           1%         2d6       45%         3
 Alistair's Intoxication  Tmut/Pois      1%         N/A       99%         5
 Metabolic Englaciation   Hex/Ice        1%         N/A       99%         5
 Invisibility             Hex            1%         N/A       100%        6
 Animate Skeleton         Necr           Unusable   N/A       N/A         1
 Simulacrum               Ice/Necr       Unusable   N/A       N/A         6

Dungeon Overview and Level Annotations

Branches:
Dungeon (8/15)             Temple (1/1) D:4
   Lair: D:8-11

Altars:
Ashenzari
Cheibriados
Dithmenos
Elyvilon
Fedhas
Gozag
Hepliaklqana
Kikubaaqudgha
Makhleb
Nemelex Xobeh
Okawaru
Qazlal
Sif Muna
Trog
Uskayaw
Vehumet
Xom
Yredelemnul
Zin
The Shining One

Shops:
D:2 !   D:4 *   D:7 [

Annotations:
D:6 1 transporter


Innate Abilities, Weirdness & Mutations

You cannot wear most types of armour.
You are amphibious.
You can wear up to eight rings at the same time.
Your skin changes colour to match your surroundings (Stealth+).
Your rubbery body absorbs attacks. (AC +1, EV +1)
((You are camouflaged near water. (Stealth+)))
You have tentacles for arms and can constrict up to eight enemies at once.


Message History

The orc is lightly wounded.
Throw: 9 boomerangs
Press: ? - help, Q - select action, (/) - cycle Shift-Dir - straight line, f/p - orc
Aim: an orc, wielding a +2 flail of pain and wearing a +0 scale mail of cold resistance (lightly wounded, 72% to hit)
You throw a boomerang. The boomerang closely misses the orc.
You block the hornet's attack.
You hit the hornet but do no damage.
Your weapon exudes an aura of protection.
Your grab misses the hornet.
Your tentacle-slap misses the hornet.
The hornet completely misses you.
You closely miss the hornet. Your grab misses the hornet.
The hornet misses you.
You hit the hornet but do no damage. You grab the hornet.
You constrict the hornet. You block the hornet's attack.
You hit the hornet but do no damage. Your squeeze misses the hornet.
You constrict the hornet, but do no damage.
The hornet closely misses you.
You hit the hornet.
You squeeze the hornet, but do no damage.
The hornet is lightly wounded.
You constrict the hornet. You closely miss the hornet.
Your squeeze misses the hornet.
The hornet is lightly wounded.
You constrict the hornet, but do no damage.
You block the hornet's attack.
You hit the hornet.
Your tentacle-slap misses the hornet.
You squeeze the hornet.
The hornet is moderately wounded.
You constrict the hornet. You block the hornet's attack.
You closely miss the hornet. You squeeze the hornet!
The hornet is severely wounded.
You constrict the hornet, but do no damage.
The hornet stings you!
* * * LOW HITPOINT WARNING * * *
You are poisoned.
You suddenly lose the ability to move!
You lose your grip on the hornet.
* * * LOW HITPOINT WARNING * * *
You feel very sick. The hornet stings you!
You die...

o###..#####'# .......(...#
####o..)y.....+ #..)).........#
#.)#######....# ##+###
##..##...##....# #..... ....
#..(.(...##....# . +.....
......#...(....##)...##.. #.....
......'..(....oy@........ #.....
......###########....####+##.....
...#'# ##...##....# ........
...#. +.....#....# ........ ...#
#.....#....# ........ ...#
#.....'....#........).. ...#
#.....#....+...........
...########'##########...........
...........).............####+###


You could see a hornet and an orc.

Vanquished Creatures
  Maggie (D:7)
  A hornet (D:7)
  A wyvern (D:6)
  An acid dragon (D:5)
  2 water moccasins (D:7)
  2 orc warriors (D:8)
  A sky beast (D:4)
  A necrophage (D:6)
  A phantom (D:5)
  A kobold brigand (D:6)
  A gnoll sergeant (D:6)
  A bullfrog (D:6)
  2 scorpions
  A wyvern zombie (D:7)
  A water moccasin skeleton (D:7)
  7 killer bees (D:8)
  3 wights (D:8)
  3 howler monkeys (D:7)
  A bullfrog zombie (D:6)
  2 centaur zombies
  2 hounds
  An orc priest (D:8)
  3 centaur skeletons
  3 iguanas
  8 gnolls
  5 adders
  A worm (D:2)
  4 dart slugs
  24 orcs
  7 bats
  5 endoplasms
  4 giant cockroaches
  8 goblins
  4 hobgoblins
  12 jackals
  4 quokkas
  3 ball pythons
  4 frilled lizards
  12 kobolds
  2 rats (D:2)
150 creatures vanquished.

Notes
Turn   | Place    | Note
-------+----------+-------------------------------------------
     0 | D:1      | SmokeWeed the Octopode Brigand began the quest for the Orb.
     0 | D:1      | Reached XP level 1. HP: 14/14 MP: 1/1
   328 | D:1      | Reached XP level 2. HP: 19/19 MP: 2/2
   358 | D:1      | Reached skill level 6 in Stealth
   821 | D:2      | Reached XP level 3. HP: 15/24 MP: 3/3
  1049 | D:2      | Learned a level 2 spell: Slow
  1518 | D:2      | Found Oxav's Distillery.
  1723 | D:2      | Reached XP level 4. HP: 17/29 MP: 4/4
  1954 | D:3      | Noticed a water elemental
  1955 | D:3      | Found a stormy altar of Qazlal.
  1959 | D:3      | Noticed a fire elemental
  1962 | D:3      | Noticed an earth elemental
  1962 | D:3      | Noticed an air elemental
  1968 | D:3      | Found a glowing golden altar of the Shining One.
  1969 | D:3      | Found a broken altar of Ashenzari.
  1969 | D:3      | Found a bloodstained altar of Trog.
  1971 | D:3      | Found a shimmering blue altar of Sif Muna.
  1975 | D:3      | Reached skill level 7 in Stealth
  2082 | D:3      | Reached skill level 1 in Spellcasting
  2390 | D:3      | Learned a level 3 spell: Swiftness
  2532 | D:3      | Reached XP level 5. HP: 35/35 MP: 7/7
  2669 | D:4      | Found Zegor's Assorted Antiques.
  2688 | D:4      | Identified a scroll of acquirement
  2688 | D:4      | Acquired a book of Party Tricks
  2942 | D:4      | Reached skill level 1 in Air Magic
  3157 | D:4      | Found a staircase to the Ecumenical Temple.
  3190 | D:4      | Reached XP level 6. HP: 30/41 MP: 9/9
  3208 | Temple   | Entered the Ecumenical Temple
  3539 | Temple   | Became a worshipper of Warmaster Okawaru
  3638 | D:4      | Noticed a sky beast
  3643 | D:4      | Killed a sky beast
  3967 | D:5      | Entered Level 5 of the Dungeon
  4164 | D:5      | Reached XP level 7. HP: 35/45 MP: 11/11
  4521 | D:5      | Reached * piety under Okawaru
  5394 | D:6      | Reached XP level 8. HP: 17/52 MP: 13/13
  5787 | D:6      | Reached skill level 5 in Short Blades
  5903 | D:6      | Found a sparkling altar of Nemelex Xobeh.
  5903 | D:6      | Found a transporter.
  5904 | D:6      | Noticed a red ugly thing
  5974 | D:6      | Noticed a wyvern
  5982 | D:6      | Killed a wyvern
  5982 | D:6      | Reached ** piety under Okawaru
  5988 | D:6      | Acquired the +3 warlock's mirror {reflect}
  5988 | D:6      | Found the +3 warlock's mirror {reflect}
  6057 | D:7      | Noticed Maggie
  6065 | D:7      | Killed Maggie
  6066 | D:7      | Reached skill level 1 in Shields
  6202 | D:7      | Found Roriceos's Antique Armour Boutique.
  6269 | D:7      | Reached skill level 8 in Stealth
  6274 | D:7      | Reached skill level 5 in Dodging
  6274 | D:7      | Reached XP level 9. HP: 37/59 MP: 14/14
  6294 | D:7      | Reached *** piety under Okawaru
  6858 | D:7      | Noticed a hornet
  6864 | D:7      | Killed a hornet
  7143 | D:8      | Noticed a hornet
  7994 | D:8      | Paralysed by a hornet for 3 turns
  7995 | D:8      | Slain by a hornet

Illustrated notes

Levels and vault maps discovered:
D:1:      amcnicky_arrival_wind_blow, layout_rooms, minmay_cupped
D:2:      wander_river, layout_loops_ring, serial_shops, shop,
          kennysheep_generic_room_3
D:3:      layout_rooms, grunt_temple_overflow_open,
          nicolae_qazlal_style_of_elements, chequers_mini_garden
D:4:      layout_gridville, minmay_temple_entry_antechambers, serial_shops,
          shop, minmay_misc_feat_enclosed
D:5:      layout_rooms, kennysheep_flooded_box, grunt_ministairs_2
D:6:      layout_cave_pools, grunt_nemelex_the_gamble
D:7:      layout_gridville, serial_shops,
          nicolae_shop_temple_entry_statues_fountains, moated_statue,
          uniq_maggie
D:8:      layout_gridville, special_room [special_room_orc]
Temple:   regret_index_temple_generic_petals

Skill      XL: |  1  2  3  4  5  6  7  8  9 |
---------------+----------------------------+-----
Stealth        | 6 7 8 |  8.6
Spellcasting   | 1 2 3 |  3.7
Air Magic      | 1 2 3 |  3.6
Short Blades   | 3 4 5 6 |  6.4
Fighting       | 3 4 |  4.9
Dodging        | 2 5 6 |  6.5
Shields        | 1 3 |  3.5
Throwing       | |  2.0
Invocations    | |  0.8

Action                   |  1- 3 |  4- 6 |  7- 9 || total
-------------------------+-------+-------+-------++-------
Melee: Dagger            |    68 |     6 |       ||    74
       Tentacles         |     9 |     7 |    51 ||    67
       Constrict         |    17 |    12 |    45 ||    74
       Rapier            |       |    50 |   118 ||   168
       Falchion          |       |     7 |    92 ||    99
       Punch             |       |       |     5 ||     5
Throw: Dart              |     1 |     9 |    31 ||    41
       Javelin           |       |     6 |    10 ||    16
       Boomerang         |       |     3 |     5 ||     8
 Cast: Swiftness         |       |       |     2 ||     2
Invok: Heroism           |       |       |    14 ||    14
  Use: Scroll            |     2 |     8 |     7 ||    17
       Potion            |       |       |     9 ||     9
 Stab: Sleeping          |    14 |    14 |     7 ||    35
Armor: Skin              |     1 |     6 |    14 ||    21
Dodge: Dodged            |    25 |    50 |   222 ||   297
Block: Buckler           |       |       |    82 ||    82
       Reflection        |       |       |     1 ||     1

Table legend: (Time is in decaauts)
 A = Elapsed time spent in this place.
 B = Non-inter-level travel time spent in this place.
 C = Inter-level travel time spent in this place.
 D = Time resting spent in this place.
 E = Time spent auto-exploring this place.
 F = Levels seen in this place.
 G = Mean time per level.
                   A        B        C        D        E       F      G
               +--------+--------+--------+--------+--------+-----+--------+
         Total |   7939 |   7799 |    140 |   1957 |   4413 |   9 |  882.1 |
       Dungeon |   7547 |   7491 |     56 |   1957 |   4131 |   8 |  943.4 |
        Temple |    391 |    307 |     84 |      0 |    282 |   1 |  391.0 |
               +--------+--------+--------+--------+--------+-----+--------+

Top non-repeatable levels by time:
     D:2: 1172 daAuts
     D:5: 1093 daAuts
     D:8: 1004 daAuts
     D:6: 981 daAuts
     D:4: 930 daAuts
     D:7: 901 daAuts
     D:1: 773 daAuts
     D:3: 692 daAuts
  Temple: 391 daAuts
